 Dungeon Crawl Stone Soup version 0.20.1-1-g8b1a95d (webtiles) character file.

4167 Mesmaeker13 the Protected (level 9, -6/79 HPs)
             Began as a Demigod Wanderer on Oct 12, 2017.
             Mangled by a two-headed ogre
             ... wielding a +0 giant club
              (10 damage)
             ... on level 8 of the Dungeon.
             The game lasted 00:22:59 (11382 turns).

Mesmaeker13 the Protected (Demigod Wanderer)       Turns: 11382, Time: 00:22:59

Health: -6/79      AC: 18    Str: 19    XL:     9   Next: 80%
Magic:  0/12       EV:  6    Int: 18    God:
Gold:   401        SH:  5    Dex: 15    Spells: 8/8 levels left

rFire    . . .     SeeInvis .   a - +2 falchion
rCold    . . .     Gourm    .   y - +0 buckler
rNeg     . . .     Faith    .   F - +0 plate armour
rPois    .         Spirit   +   (no helmet)
rElec    .         Reflect  .   (no cloak)
rCorr    .         Harm     .   t - +2 pair of gloves
MR       .....                  J - +0 pair of boots {Stlth+}
Stlth    ..........             v - amulet of guardian spirit
Regen    0.3/turn               H - ring of wizardry
MPRegen  0.2/turn               (no ring)

@: no status effects
A: high mp 1
a: no special abilities


You were on level 8 of the Dungeon.
You were not hungry.

You visited 1 branch of the dungeon, and saw 8 of its levels.

You collected 401 gold pieces.

Inventory:

Hand Weapons
 a - a +2 falchion (weapon)
Armour
 t - a +2 pair of gloves (worn)
 y - a +0 buckler (worn)
 F - a +0 plate armour (worn)
 J - a +0 pair of boots of stealth (worn)
 P - a +0 large shield
Magical Staves
 M - an uncursed staff of cold {unknown}
Jewellery
 v - an amulet of guardian spirit (around neck)
 H - a ring of wizardry (left hand)
Wands
 r - a wand of confusion (0/48)
 D - a wand of flame (14/48)
 G - a wand of iceblast (6/15)
 K - a wand of polymorph (0/24)
Scrolls
 e - 8 scrolls of teleportation
 g - 3 scrolls of remove curse
 i - 4 scrolls of enchant armour
 m - a scroll of immolation {unknown}
 q - a scroll of recharging {unknown}
 w - a scroll of enchant weapon {unknown}
 x - 3 scrolls of fear
 A - 4 scrolls of amnesia
 B - a scroll of magic mapping {unknown}
 I - a scroll of silence {unknown}
Potions
 b - a potion of degeneration {unknown}
 c - 4 potions of curing
 h - 3 potions of mutation
 j - 2 potions of magic {unknown}
 l - a potion of heal wounds
 n - a potion of agility {unknown}
 s - 2 potions of brilliance {unknown}
 O - a potion of haste {unknown}
 Q - a potion of flight {unknown}
Comestibles
 d - 5 bread rations
 f - 4 chunks of flesh
 u - 2 royal jellies
 z - 4 meat rations


   Skills:
 + Level 7.4 Fighting
 + Level 7.4 Long Blades
   Level 1.0 Maces & Flails
 + Level 8.1 Armour
 - Level 4.1 Shields
 - Level 1.0 Evocations


You had 8 spell levels left.
You didn't know any spells.

Dungeon Overview and Level Annotations

Branches:
Dungeon (8/15)             Temple (0/1) D:5            Lair (0/6) D:8


Innate Abilities, Weirdness & Mutations

You have an increased reservoir of magic. (+10% MP)


Message History

The two-headed ogre is moderately wounded.
The two-headed ogre hits you with a giant club.
The two-headed ogre hits you with a giant spiked club!
* * * LOW HITPOINT WARNING * * *
You hit the two-headed ogre.
The two-headed ogre is moderately wounded.
You slash the two-headed ogre!
The two-headed ogre is heavily wounded.
The two-headed ogre hits you but does no damage.
The two-headed ogre completely misses you.
You hit the two-headed ogre.
The two-headed ogre is severely wounded.
The two-headed ogre hits you with a giant club!
* * * LOW HITPOINT WARNING * * *
The two-headed ogre barely misses you.
Unknown command.
The two-headed ogre hits you with a giant club.
* * * LOW HITPOINT WARNING * * *
The two-headed ogre hits you with a giant spiked club!
You die...

........>..........#
.....P.............#
###...........#....#
..##.........##....##### ###
..####((...####...<....# #..
......รท..###.#.....###.###.##
#
..........)......###........#.#
.........######..###.#........#
.........#......@O...##..#.##.#
........###.###...#..##.......#
######### #.# ###.#..##..######
#.# #........# #.#
#.#...#..######.
#.######..............
#.....................
########.#...#.######.
#.#.#.#........


You could see a two-headed ogre.

Vanquished Creatures
  A torpor snail (D:8)
  2 hippogriffs
  A yak (D:8)
  2 hungry ghosts
  A basilisk (D:8)
  Menkaure (D:7)
  Duvessa (D:7)
  2 black bears (D:8)
  2 phantoms (D:7)
  3 ice beasts
  An ogre (D:5)
  A sky beast (D:6)
  2 crocodiles
  4 centaurs
  3 bullfrogs
  Dowan (D:7)
  A wyvern skeleton (D:7)
  4 crimson imps
  A centaur zombie (D:8)
  A hound (D:8)
  A jelly (D:7)
  2 quasits
  A gnoll shaman (D:7)
  4 orc wizards
  2 centaur skeletons
  4 iguanas
  5 worker ants
  2 killer bee zombies
  A hound skeleton (D:7)
  3 hound zombies
  A howler monkey zombie (D:5)
  A worker ant zombie (D:7)
  13 gnolls
  11 adders
  2 shadow imps
  An ooze (D:3)
  3 adder skeletons
  5 worms
  A dart slug (D:4)
  3 leopard geckos
  15 orcs
  2 giant cockroaches
  6 hobgoblins
  12 jackals
  5 kobolds
  4 quokkas
  3 ball pythons (D:2)
  5 bats
  7 frilled lizards
  17 goblins
  A jackal skeleton (D:4)
  2 quokka skeletons
  6 rats
186 creatures vanquished.

Vanquished Creatures (others)
  An adder (D:2)
1 creature vanquished.

Grand Total: 187 creatures vanquished

Notes
Turn   | Place    | Note
-------+----------+-------------------------------------------
     0 | D:1      | Mesmaeker13 the Demigod Wanderer began the quest for the Orb.
     0 | D:1      | Mesmaeker13 set off with: a +2 falchion, a +0 ring mail, a potion of curing, a bread ration
     0 | D:1      | Reached XP level 1. HP: 17/17 MP: 3/3
   232 | D:1      | Reached skill level 3 in Armour
   232 | D:1      | Reached XP level 2. HP: 22/24 MP: 5/5
  1142 | D:2      | Reached XP level 3. HP: 29/29 MP: 6/6
  1959 | D:3      | Reached XP level 4. HP: 37/37 MP: 7/7
  2754 | D:3      | Found a faded altar of an unknown god.
  3093 | D:4      | You fall through a shaft for 3 floors!
  3134 | D:6      | Noticed a phantom
  3158 | D:6      | Noticed a bullfrog
  3356 | D:7      | Noticed a centaur
  3368 | D:7      | Killed a centaur
  3368 | D:7      | Reached skill level 4 in Armour
  3368 | D:7      | Reached XP level 5. HP: 39/45 MP: 8/8
  3675 | D:7      | Noticed Duvessa
  3727 | D:7      | Killed Duvessa
  3727 | D:7      | Reached XP level 6. HP: 38/51 MP: 9/9
  4140 | D:7      | Noticed Dowan
  4165 | D:7      | Killed Dowan
  4334 | D:7      | Reached XP level 7. HP: 19/59 MP: 10/10
  4914 | D:7      | Reached skill level 5 in Armour
  5543 | D:7      | Noticed Menkaure
  5577 | D:7      | Killed Menkaure
  6041 | D:7      | Reached skill level 5 in Fighting
  6041 | D:7      | Reached skill level 5 in Long Blades
  6041 | D:7      | Reached XP level 8. HP: 49/68 MP: 11/11
  6754 | D:6      | Found a burning altar of Makhleb.
  7127 | D:5      | Entered Level 5 of the Dungeon
  7140 | D:5      | Reached skill level 6 in Armour
  7370 | D:5      | Found a staircase to the Ecumenical Temple.
  8319 | D:5      | Found a white marble altar of Elyvilon.
  8328 | D:5      | Found an opulent altar of Gozag.
  8332 | D:5      | Found a stormy altar of Qazlal.
  9469 | D:8      | Found a shadowy altar of Dithmenos.
  9508 | D:8      | Found a staircase to the Lair.
  9509 | D:8      | Noticed a hippogriff
  9837 | D:8      | Noticed a hippogriff
  9854 | D:7      | Reached XP level 9. HP: 59/75 MP: 8/12
 10036 | D:7      | Reached skill level 7 in Armour
 10754 | D:8      | Noticed a two-headed ogre
 10783 | D:8      | Noticed a torpor snail
 10783 | D:8      | a two-headed ogre changed into a torpor snail
 10792 | D:8      | Killed a torpor snail
 10792 | D:8      | Reached skill level 8 in Armour
 11358 | D:8      | Noticed a two-headed ogre
 11382 | D:8      | Mangled by a two-headed ogre

Skill      XL: |  1  2  3  4  5  6  7  8  9 |
---------------+----------------------------+-----
Long Blades    | 2 3 4 5 6 7 |  7.4
Armour         | 3 4 5 6 8 |  8.1
Fighting       | 2 3 4 5 6 7 |  7.4
Shields        | 2 3 4 |  4.1
Maces & Flails | |  1.0
Evocations     | |  1.0

Action                   |  1- 3 |  4- 6 |  7- 9 || total
-------------------------+-------+-------+-------++-------
Melee: Falchion          |   105 |   172 |   801 ||  1078
Evoke: Wand              |       |     1 |    19 ||    20
  Use: Scroll            |     4 |     2 |     8 ||    14
       Potion            |       |       |     3 ||     3
 Stab: Invisible         |       |       |     1 ||     1
       Confused          |       |       |     3 ||     3
  Eat: Chunk             |     3 |     7 |    15 ||    25
       Meat ration       |       |       |     3 ||     3
       Bread ration      |       |       |     2 ||     2
Armor: Ring mail         |    12 |       |       ||    12
       Chain mail        |    51 |    91 |   341 ||   483
       Plate armour      |       |       |   176 ||   176
Dodge: Dodged            |    49 |    62 |   266 ||   377
Block: Buckler           |       |    23 |   172 ||   195
       Rpst.: Falchion   |    14 |    19 |    69 ||   102
